 Dungeon Crawl Stone Soup version 0.27.1 (webtiles) character file.

Game seed: 12543746641071220416

604 Kinoniko the Cutter (level 7, -1/57 HPs)
             Began as a Pale Draconian Berserker on Aug 31, 2021.
             Was a Priest of Trog.
             Slain by an orc (4 damage)
             ... on level 4 of the Dungeon.
             The game lasted 00:02:34 (3291 turns).

Kinoniko the Cutter (Pale Draconian Berserker)      Turns: 3291, Time: 00:02:34

Health: -1/57      AC:  6    Str: 19    XL:     7   Next: 18%
Magic:  7/7        EV: 13    Int:  7    God:    Trog [***...]
Gold:   142        SH:  0    Dex: 13    Spells: 6/6 levels left

rFire    . . .     SeeInvis .   e - +0 dagger (elec)
rCold    . . .     Faith    .   (no shield)
rNeg     . . .     Spirit   .   (armour unavailable)
rPois    .         Reflect  .   (helmet restricted)
rElec    .         Harm     .   (no cloak)
rCorr    .         Rampage  .   (no gloves)
Will     .....                  (no boots)
Stlth    +.........             (no amulet)
HPRegen  0.19/turn              (no ring)
MPRegen  0.10/turn              (no ring)

@: on berserk cooldown, slowed, very slow
A: breathe steam, AC +6, unfitting armour, cold-blooded, steam resistance
a: Breathe Steam, Renounce Religion, Berserk, Trog's Hand


You were on level 4 of the Dungeon.
You worshipped Trog.
Trog was most pleased with you.
You visited 1 branch of the dungeon, and saw 4 of its levels.

You collected 142 gold pieces.

Inventory:

Hand Weapons
 a - a +0 short sword
 e - a +0 dagger of electrocution (weapon)
Wands
 i - a wand of flame (12)
Scrolls
 b - 3 scrolls of identify {unknown}
 c - a scroll of enchant armour {unknown}
 f - a scroll of fear {unknown}
 h - a scroll of amnesia {unknown}
 j - a scroll of blinking {unknown}
 l - 2 scrolls of enchant weapon {unknown}
 m - a scroll of magic mapping {unknown}
Potions
 d - a potion of might {unknown}
 g - a potion of brilliance {unknown}
 k - a potion of berserk rage {unknown}


   Skills:
 - Level 3.2 Fighting
 * Level 7.0 Short Blades
 + Level 4.9 Dodging


You had 6 spell levels left.
You didn't know any spells.
Your spell library was empty.

Dungeon Overview and Level Annotations

Branches:
Dungeon (4/15)
 Temple: D:4-7

Altars:
Cheibriados
Elyvilon


Innate Abilities, Weirdness & Mutations

You can breathe blasts of scalding, opaque steam.
Your pale cyan-grey scales are hard. (AC +6)
You cannot fit into any form of body armour.
You are cold-blooded and may be slowed by cold attacks.
You are immune to the effects of steam.


Message History

* * * LOW HITPOINT WARNING * * *
The orc barely misses you.
You are too injured to fight recklessly!
You are too injured to fight recklessly!
You are too injured to fight recklessly!
You are too injured to fight recklessly!
You are too injured to fight recklessly!
You are too injured to fight recklessly!
You are too injured to fight recklessly!
You are too injured to fight recklessly!
You are too injured to fight recklessly!
You are too injured to fight recklessly!
Unknown command.
You hit the orc.
The orc is lightly wounded.
The orc closely misses you.
You hit the orc.
The orc is heavily wounded.
The orc hits you but does no damage.
You hit the orc.
You kill the orc!
Trog accepts your kill.
You closely miss the orc. The orc closely misses you.
You hit the orc.
The orc is lightly wounded.
The orc priest mumbles some strange prayers to Beogh against you.
Beogh smites you!
* * * LOW HITPOINT WARNING * * *
The orc misses you.
You barely miss the orc.
The orc is lightly wounded.
The orc priest begins to cast a cantrip, but forgets the words!
The orc completely misses you.
You hit the orc but do no damage.
The orc is lightly wounded.
The orc closely misses you.
You barely miss the orc.
The orc is lightly wounded.
The orc hits you with a +0 flail.
You die...

......# .#.##.#
..#.#.########
.###.........#####
..#.#.######.....#
......# #####.#
..##### #.#######
#.# #.......# #.#
#@#####.# .. #o#
... #o. .### #.##
#.# ... .## .


You could see an orc priest and an orc.

Vanquished Creatures
  Grinder (D:4)
  A water moccasin skeleton (D:4)
  2 orc priests (D:3)
  Terence (D:2)
  A bullfrog skeleton (D:4)
  An iron imp (D:3)
  Natasha (thrice) (D:2)
  6 adders
  3 worms
  A dart slug (D:2)
  11 orcs
  6 ball pythons
  4 bats
  4 endoplasms
  3 giant cockroaches
  6 goblins
  4 hobgoblins
  4 jackals (D:2)
  5 quokkas
  4 frilled lizards
  4 kobolds
  5 rats
80 creatures vanquished.

Vanquished Creatures (others)
  A hobgoblin (D:3)
1 creature vanquished.

Grand Total: 81 creatures vanquished

Notes
Turn   | Place    | Note
-------+----------+-------------------------------------------
     0 | D:1      | Kinoniko the Draconian Berserker began the quest for the
                  | Orb.
     0 | D:1      | Reached XP level 1. HP: 19/19 MP: 1/1
   274 | D:1      | Reached XP level 2. HP: 26/26 MP: 2/2
   514 | D:1      | Found a faded altar of an unknown god.
  1140 | D:2      | Reached XP level 3. HP: 24/31 MP: 3/3
  1143 | D:2      | Reached ** piety under Trog
  1398 | D:2      | Reached skill level 4 in Short Blades
  1427 | D:2      | Noticed Natasha
  1431 | D:2      | Killed Natasha
  1462 | D:2      | Reached XP level 4. HP: 32/38 MP: 4/4
  1649 | D:2      | Noticed Terence
  1657 | D:2      | Killed Terence
  1744 | D:2      | Noticed Natasha
  1749 | D:2      | Killed Natasha
  1750 | D:2      | Reached skill level 5 in Short Blades
  1750 | D:2      | Reached XP level 5. HP: 45/45 MP: 5/5
  1843 | D:2      | Noticed Natasha
  1857 | D:2      | Killed Natasha
  1974 | D:3      | Found a snail-covered altar of Cheibriados.
  2255 | D:3      | Reached XP level 6. HP: 49/51 MP: 6/6
  2267 | D:3      | Found a white marble altar of Elyvilon.
  2511 | D:3      | Reached skill level 6 in Short Blades
  2829 | D:3      | Reached *** piety under Trog
  3267 | D:4      | Noticed Grinder
  3274 | D:4      | Killed Grinder
  3275 | D:4      | Reached skill level 7 in Short Blades
  3275 | D:4      | Your scales start taking on a pale cyan-grey colour.
  3275 | D:4      | Reached XP level 7. HP: 57/57 MP: 7/7
  3275 | D:4      | Gained mutation: You are immune to the effects of steam.
                  | [Pale Draconian growth]
  3291 | D:4      | Slain by an orc

Illustrated notes

Levels and vault maps discovered:
D:1:      erik_arrival_orb_chamber, layout_basic,
          ebering_ecumenical_altar_ruins, minmay_misc_feat_cross,
          minmay_misc_feat_tiny
D:2:      layout_rooms, uniq_terence, uniq_natasha
D:3:      layout_rooms, slow_altar_1, elyvilon_altar_4
D:4:      minmay_razor_zed, layout_loops_cross, minmay_gold_behind_fungi,
          hex_tiny, uniq_grinder

Skill      XL: |  1  2  3  4  5  6 |
---------------+-------------------+-----
Dodging        | 3 4 |  4.9
Short Blades   | 4 5 7 |  7.0
Fighting       | |  3.2

Action                   |  1- 3 |  4- 6 |  7- 9 || total
-------------------------+-------+-------+-------++-------
Melee: Short sword       |    27 |       |       ||    27
       Tailslap          |     5 |    14 |       ||    19
       Dagger            |    65 |   177 |    14 ||   256
Invok: Berserk           |     1 |     4 |       ||     5
 Stab: Sleeping          |     3 |     2 |       ||     5
Armor: Skin              |    31 |    45 |     1 ||    77
Dodge: Dodged            |    53 |    88 |     7 ||   148
